Cogmind - Beta 13 *** ADVENTURER MODE // 2024.03.20 @ 16:12:40 Player: TRUE.MIND Result: Destroyed by H-66 Slayer with Gauss Rifle Performance ------------- Evolutions (4) 2000 Regions Visited (11) 2200 Robots Destroyed (107) 535 Value Destroyed (3750) 3750 Prototype IDs (2) 40 Alien Tech Used (0) 0 Bonus (235) 235 TOTAL SCORE: 8760 Bonus ------- Pacifist 200 Follower Combat Kills 35 Cogmind --------- Core Integrity 0/850 Matter 57/300 Energy 80/100 System Corruption 1% Temperature Cool (0) Movement Core (200) Ox3 Location -6/Factory Parts ------- > --- POWER (2) -------- (None) > --- PROPULSION (3) --- (None) > --- UTILITY (8) ------ Power Amplifier Medium Storage Unit Recoil Stabilizer > --- WEAPON (2) ------- (None) > --- INVENTORY (10) --- Micro Nuclear Core Improved Sensor Array Improved Sensor Array Advanced Targeting Computer Peak State ------------ > --- POWER ------------ Micro Nuclear Core Angular Momentum Engine > --- PROPULSION ------- Carbon-fiber Leg Improved Carbon-fiber Leg Flexi-carbon Leg > --- UTILITY ---------- Improved Thermal Generator Improved Heat Sink Large Storage Unit Advanced Sensor Array Recoil Stabilizer Kinecellerator Reactive Plating System Shield > --- WEAPON ----------- Gauss Rifle Gauss Rifle > --- INVENTORY -------- Light Deuterium Engine Improved Deuterium Engine Micro Nuclear Core Power Amplifier Medium Storage Unit Improved Sensor Array Improved Sensor Array Advanced Targeting Computer Recoil Stabilizer Reactive Plating Reactive Plating System Restoration Module Mass Driver Mini Grenade Launcher [Rating: 60] Favorites ----------- Power Micro Nuclear Core Engine Light Deuterium Engine Power Core Micro Nuclear Core Propulsion Light Treads Treads Light Treads Leg Improved Carbon-fiber Leg Wheel Compact Wheel Hover Unit Gravmag System Flight Unit Cesium-ion Thruster Utility Reactive Plating Device Improved Heat Sink Storage Medium Storage Unit Hackware System Shield Protection Reactive Plating Weapon Gauss Rifle Energy Gun Pulse Rifle Energy Cannon Beam Cannon Ballistic Gun Gauss Rifle Ballistic Cannon Advanced Assault Cannon Launcher Mini Grenade Launcher Build | -11 -10 -9 -9 -8 -8 -7 -7 -7 -7 -7 -6 ------- Run | Yrd Mat Mat Min Mat Sto Fac Was Fac Low Low Fac Slots Evolved 8 | . . 2 . 2 . 2 . . . . 2 Power 1 | . . . . . . 1 . . . . . Propulsion 1 | . . . . 1 . . . . . . . Utility 6 | . . 2 . 1 . 1 . . . . 2 Weapon . | . . . . . . . . . . . . Parts Attached 144 | 4 5 4 8 12 20 18 3 31 16 . 23 Power 27 | 1 2 1 . 4 4 4 . 3 4 . 4 Engine 17 | 1 2 1 . 1 4 3 . . 2 . 3 Core 10 | . . . . 3 . 1 . 3 2 . 1 Reactor . | . . . . . . . . . . . . Propulsion 42 | 2 2 2 2 3 7 5 1 13 2 . 3 Treads 15 | 2 2 . 2 2 7 . . . . . . Leg 14 | . . . . 1 . 5 1 4 1 . 2 Wheel 5 | . . . . . . . . 3 1 . 1 Hover 4 | . . . . . . . . 4 . . . Flight 4 | . . 2 . . . . . 2 . . . Utility 55 | 1 1 . 3 5 5 6 . 14 7 . 13 Device 27 | . 1 . . 1 3 2 . 8 2 . 10 Storage 10 | 1 . . . 3 . 2 . 1 2 . 1 Processor . | . . . . . . . . . . . . Hackware 2 | . . . 1 . . . . . 1 . . Protection 16 | . . . 2 1 2 2 . 5 2 . 2 Artifact . | . . . . . . . . . . . . Weapon 20 | . . 1 3 . 4 3 2 1 3 . 3 Energy Gun 5 | . . 1 1 . 1 . . 1 1 . . Energy Cannon 1 | . . . 1 . . . . . . . . Ballistic Gun 8 | . . . . . 3 3 . . 1 . 1 Ballistic Cannon 3 | . . . . . . . 1 . 1 . 1 Launcher 3 | . . . 1 . . . 1 . . . 1 Special Weapon . | . . . . . . . . . . . . Impact Weapon . | . . . . . . . . . . . . Slashing Weapon . | . . . . . . . . . . . . Piercing Weapon . | . . . . . . . . . . . . Special Melee Weapon . | . . . . . . . . . . . . Unidentified Prototypes 2 | . . . . . 1 . . 1 . . . Parts Lost 49 | . 2 5 . . 3 . 6 2 6 . 25 Power 10 | . 1 1 . . 1 . 1 . 1 . 5 Propulsion 15 | . 1 2 . . . . 3 2 3 . 4 Utility 15 | . . 1 . . 1 . 1 . 1 . 11 Weapon 9 | . . 1 . . 1 . 1 . 1 . 5 Highest Loss Streak 9 | . 2 3 . . 1 . 5 1 2 . 9 To Critical Strikes 1 | . . . . . . . . . . . 1 Average Slot Usage (%) 84 | . 64 46 56 90 99 99 28 83 92 92 74 Engine 4 | . 12 9 . 2 8 8 3 . 4 . 2 Core 6 | . . . . 5 . 5 . 13 9 15 8 Treads 7 | . 26 . 6 18 24 12 . . . . . Leg 3 | . . . . 2 2 10 6 . 2 7 11 Hover 2 | . . . . . . . . . 11 7 . Flight 1 | . . 6 . . . . . 7 . . . Device 13 | . 10 10 . . 7 15 5 21 16 15 18 Storage 10 | . 14 11 11 15 18 15 3 6 7 7 6 Hackware 2 | . . . 1 9 2 . . . 4 7 5 Protection 14 | . . . 15 18 16 15 3 17 16 15 8 Energy Gun 2 | . . 8 . . . . . 6 1 . . Energy Cannon 1 | . . . 10 9 2 . . . . . . Ballistic Gun 5 | . . . . . 12 15 3 . 5 7 7 Ballistic Cannon 3 | . . . . . . . . 7 7 7 . Launcher 1 | . . . 11 9 1 . . . . . 1 Naked Turns 73 | . . . . . . . 73 . . . . Heaviest Build 78 | 8 9 16 19 51 55 78 78 64 78 72 74 Greatest Support 63 | 40 40 20 43 43 63 60 53 30 27 18 53 Greatest Overweight (x) 23 | . 1 5 3 1 1 1 5 18 23 3 13 Average Overweight (x) 1 | . . 2 1 . . 1 . 5 3 3 1 Largest Inventory Capacity 15 | 8 8 8 8 15 15 15 15 10 15 15 15 Average Capacity 12 | 7 8 8 8 13 15 15 7 9 13 15 15 Most Carried 15 | 2 3 1 1 4 15 15 15 10 13 11 14 Average Carried 8 | . . . . 1 10 13 7 7 10 11 10 Final Capacity 15 | 8 8 8 8 15 15 15 5 10 15 15 10 Final Carried 15 | 1 . 1 . 4 14 15 5 10 11 11 4 Class Distribution -------------------- 45% | Mutant 30% | Scavenger-Mutant 18% | Hacker-Mutant 4% | Derelict-Mutant Dominant Class ---------------- Mutant | -10/Materials Mutant | -9/Materials Mutant | -9/Mines Mutant | -8/Materials Scavenger-Mutant | -8/Storage Scavenger-Mutant | -7/Factory Mutant | -7/Waste Mutant | -7/Factory Hacker-Mutant | -7/Lower Caves Hacker-Mutant | -7/Lower Caves Hacker-Mutant | -6/Factory Resources | -11 -10 -9 -9 -8 -8 -7 -7 -7 -7 -7 -6 ----------- Run | Yrd Mat Mat Min Mat Sto Fac Was Fac Low Low Fac Matter Collected 2918 | 135 . 73 93 170 618 238 . 442 780 . 369 Remotely . | . . . . . . . . . . . . Salvage Created 4182 | . . 230 . 149 1291 299 . 614 584 . 1015 Parts 223 | . . 9 . 6 77 16 . 32 34 . 49 Haulers Intercepted 3 | . . . . . 3 . . . . . . Recyclers Shooed 8 | . . 1 . . 1 1 . 1 . . 4 Parts Field Recycled . | . . . . . . . . . . . . Retrieved Matter . | . . . . . . . . . . . . Parts Self-Destructed 38 | . . . . . . . . . 35 3 . Prevented . | . . . . . . . . . . . . Kills | -11 -10 -9 -9 -8 -8 -7 -7 -7 -7 -7 -6 ------- Run | Yrd Mat Mat Min Mat Sto Fac Was Fac Low Low Fac Combat Hostiles Destroyed 72 | . . 5 . 2 20 3 . 11 17 . 14 Guns 29 | . . 4 . . 11 3 . 2 4 . 5 Cannons 32 | . . . . 2 8 . . 9 13 . . AOE 9 | . . . . . . . . . . . 9 Classes Destroyed 13 | . . 3 . . 6 2 . 1 1 . . Worker 6 | . . . . . 2 1 . . . . 3 Builder 6 | . . . . . 1 . . . . . 5 Tunneler 2 | . . . . . . . . 2 . . . Hauler 3 | . . . . . 3 . . . . . . Recycler 9 | . . . . . 1 2 . 2 . . 4 Operator 1 | . . . . . 1 . . . . . . Watcher 8 | . . 1 . 2 2 . . 3 . . . Swarmer 9 | . . . . . 4 . . . 5 . . Grunt 33 | . . 4 . 1 7 . . 7 7 . 7 Duelist 2 | . . . . . . . . . 2 . . Sentry 14 | . . 1 . 1 9 1 . . 2 . . Hunter 7 | . . . . . . 1 . 1 1 . 4 Programmer 7 | . . . . . . 1 . 3 . . 3 Best Kill Streak 9 | . . 3 . 2 7 2 . 3 5 . 9 Combat Bots Only 5 | . . 2 . 2 5 1 . 3 5 . 3 Max Kills in Single Turn 3 | . . 1 . 1 2 1 . 1 1 . 3 Gunslinging . | . . . . . . . . . . . . Exploded 2 | . . . . . . . . . . . 2 Melee . | . . . . . . . . . . . . Uniques/NPCs Destroyed . | . . . . . . . . . . . . Combat | -11 -10 -9 -9 -8 -8 -7 -7 -7 -7 -7 -6 -------- Run | Yrd Mat Mat Min Mat Sto Fac Was Fac Low Low Fac Hostile Shots Fired 808 | . 44 67 . 7 138 69 7 46 134 . 296 Missed 241 | . 15 19 . 3 45 26 1 22 38 . 72 Damage Taken 6428 | . 291 459 . 44 1060 342 192 255 1101 . 2684 Core 1609 | . 81 166 . 21 112 36 105 12 226 . 850 Absorbed by Shields . | . . . . . . . . . . . . Ignored by Resistances 2311 | . 92 143 . 12 302 108 51 77 411 . 1115 Core Remaining (%) 69 | 100 67 . 58 . 75 . . . . 45 . Volleys Fired 312 | . . 36 . 31 92 15 . 36 39 . 63 Largest 2 | . . 1 . 2 2 2 . 2 2 . 2 Hottest 120 | . . 56 . 90 83 56 . 120 120 . 76 Shots Fired 478 | . . 36 . 32 157 30 . 71 71 . 81 Gun 298 | . . 36 . . 111 30 . 34 32 . 55 Cannon 155 | . . . . 31 46 . . 37 39 . 2 Launcher 25 | . . . . 1 . . . . . . 24 Special . | . . . . . . . . . . . . Kinetic 292 | . . . . . 109 30 . 37 59 . 57 Thermal 161 | . . 36 . 31 48 . . 34 12 . . Explosive 25 | . . . . 1 . . . . . . 24 Electromagnetic . | . . . . . . . . . . . . Robot Hit Streak 26 | . . 18 . 13 17 13 . 17 26 . 22 Robot Miss Streak 4 | . . 1 . 4 2 3 . 2 2 . 2 Penetration Max 1 | . . . . . . . . . 1 . 1 Secondary Targets . | . . . . . . . . . . . . Shots Hit Robots 390 | . . 34 . 23 125 23 . 56 60 . 69 Core Hits 195 | . . 11 . 7 49 11 . 21 32 . 64 Critical Kills 3 | . . . . . 1 1 . . 1 . . Critical Parts Destroyed 1 | . . . . . . . . . 1 . . Critical Strikes 13 | . . 3 . . 1 1 . 5 3 . . Burn 4 | . . 3 . . . . . 1 . . . Meltdown 1 | . . . . . 1 . . . . . . Destroy 3 | . . . . . . 1 . . 2 . . Blast 5 | . . . . . . . . 4 1 . . Melee Attacks . | . . . . . . . . . . . . Impact . | . . . . . . . . . . . . Slashing . | . . . . . . . . . . . . Piercing . | . . . . . . . . . . . . Sneak Attacks . | . . . . . . . . . . . . Combat Hostiles . | . . . . . . . . . . . . Follow-up Attacks . | . . . . . . . . . . . . Damage Inflicted 9294 | . . 488 . 438 2179 347 . 1442 1305 . 3095 Guns 4321 | . . 488 . . 1499 347 . 464 527 . 996 Cannons 2879 | . . . . 402 679 . . 978 778 . 42 Explosions 2084 | . . . . 27 . . . . . . 2057 Melee . | . . . . . . . . . . . . Ramming 10 | . . . . 9 1 . . . . . . Kinetic 4924 | . . . . . 1471 347 . 978 1090 . 1038 Thermal 2276 | . . 488 . 402 707 . . 464 215 . . Explosive 2084 | . . . . 27 . . . . . . 2057 Electromagnetic . | . . . . . . . . . . . . Impact . | . . . . . . . . . . . . Slashing . | . . . . . . . . . . . . Piercing . | . . . . . . . . . . . . Highest Corruption 2 | . . . . . . 1 1 2 2 2 2 Average Corruption 1 | . . . . . . 1 1 1 2 2 1 Corruption Purged 1 | . . . . . . . . . . . 1 Corruption Blocked . | . . . . . . . . . . . . Effects 46 | . . . . . . . 1 13 25 . 7 Message Errors 9 | . . . . . . . 1 5 1 . 2 Matter Fused 19 | . . . . . . . . 4 12 . 3 Heat Flow Errors 1 | . . . . . . . . . 1 . . Energy Discharges 4 | . . . . . . . . 1 3 . . Parts Fused 1 | . . . . . . . . . 1 . . Data Loss (minor) 5 | . . . . . . . . 1 3 . 1 Data Loss (major) 2 | . . . . . . . . 1 1 . . Misfires 3 | . . . . . . . . 1 1 . 1 Alerts 2 | . . . . . . . . . 2 . . Overload Shots . | . . . . . . . . . . . . Overflow Damage 97 | . . . . 12 . . . 40 10 . 35 Projectiles 62 | . . . . 12 . . . 40 10 . . Explosions 35 | . . . . . . . . . . . 35 Melee . | . . . . . . . . . . . . Knockbacks 14 | . . . . . . . . 4 9 . 1 Impact . | . . . . . . . . . . . . Kinetic 13 | . . . . . . . . 4 8 . 1 Secondary 1 | . . . . . . . . . 1 . . Self-Inflicted Damage 91 | . . . . . . . . . . . 91 Shots 5 | . . . . . . . . . . . 5 Rammed 3 | . . . . 1 2 . . . . . . Targets Rammed 4 | . . . . 1 2 1 . . . . . Kicked . | . . . . . . . . . . . . Crushed 1 | . . . . . . 1 . . . . . Highest Temperature 594 | . . 210 . 96 365 . . 406 594 . 17 Average Temperature 119 | . . 69 . 38 132 . . 87 214 . 8 Received Heat Transfer 2184 | . 219 288 . 27 513 42 . 135 510 . 450 Effects 13 | . . . . . 2 . . . 11 . . Shutdowns 1 | . . . . . 1 . . . . . . Energy Bleed 1 | . . . . . 1 . . . . . . Interference 4 | . . . . . . . . . 4 . . Matter Decay 1 | . . . . . . . . . 1 . . Short Circuit 1 | . . . . . . . . . 1 . . Damage (minor) 2 | . . . . . . . . . 2 . . Damage (major) 2 | . . . . . . . . . 2 . . Damage (core) 1 | . . . . . . . . . 1 . . Siege Activations . | . . . . . . . . . . . . Robots Corrupted . | . . . . . . . . . . . . Combat Hostiles . | . . . . . . . . . . . . Parts Fried . | . . . . . . . . . . . . Impact Corruptions . | . . . . . . . . . . . . Robots Melted 2 | . . 1 . . 1 . . . . . . Combat Hostiles 2 | . . 1 . . 1 . . . . . . Parts Melted 13 | . . 7 . 2 2 . . 1 1 . . Heat Transferred 5291 | . . 1480 . 851 1517 . . 999 444 . . Parts Sabotaged . | . . . . . . . . . . . . Parts Stolen . | . . . . . . . . . . . . Parts Stripped . | . . . . . . . . . . . . Power Chain Reactions . | . . . . . . . . . . . . Alert | -11 -10 -9 -9 -8 -8 -7 -7 -7 -7 -7 -6 ------- Run | Yrd Mat Mat Min Mat Sto Fac Was Fac Low Low Fac Peak Influence 303 | . 34 141 36 67 297 98 23 174 . . 303 Initial 58 | . . 4 36 . 13 58 23 9 . . . Average 66 | . 19 68 35 46 120 54 11 42 . . 96 Maximum Alert Level 1 | . . . . . 1 . . . . . 1 Low Security (%) 93 | 100 100 100 100 100 79 100 100 100 . . 85 Level 1 6 | . . . . . 20 . . . . . 14 Level 2 . | . . . . . . . . . . . . Level 3 . | . . . . . . . . . . . . Level 4 . | . . . . . . . . . . . . Level 5 . | . . . . . . . . . . . . High Security . | . . . . . . . . . . . . Max Security . | . . . . . . . . . . . . Squads Dispatched 15 | . 1 1 . . 1 1 . 5 . . 6 Investigation 4 | . 1 . . . 1 . . 2 . . . Extermination 4 | . . . . . . 1 . 2 . . 1 Reinforcement 7 | . . 1 . . . . . 1 . . 5 Assault . | . . . . . . . . . . . . Garrison . | . . . . . . . . . . . . Intercept . | . . . . . . . . . . . . Searches Triggered . | . . . . . . . . . . . . Construction Impeded 2 | . . . . . . . . . . . 2 Haulers Reinforced 2 | . . . . . . . . . . . 2 Active Scanning Responses . | . . . . . . . . . . . . Cargo Convoy Interrupts . | . . . . . . . . . . . . Stealth | -11 -10 -9 -9 -8 -8 -7 -7 -7 -7 -7 -6 --------- Run | Yrd Mat Mat Min Mat Sto Fac Was Fac Low Low Fac Distress Signals 7 | . 1 1 . . 3 . . . . . 2 Communications Jammed . | . . . . . . . . . . . . Distress Signals . | . . . . . . . . . . . . Times Spotted 114 | . 6 8 1 8 29 3 6 16 17 . 20 Peak Tracking Total 6 | . 4 4 1 2 5 2 6 3 4 . 6 Tactical Retreats 3 | . 1 . . . . . 1 . 1 . . Traps | -11 -10 -9 -9 -8 -8 -7 -7 -7 -7 -7 -6 ------- Run | Yrd Mat Mat Min Mat Sto Fac Was Fac Low Low Fac Traps Triggered 4 | . 2 . . . . 1 . 1 . . . Indirectly . | . . . . . . . . . . . . Trap Hack Attempts . | . . . . . . . . . . . . Triggered . | . . . . . . . . . . . . Disarmed 4 | . . . . . 4 . . . . . . Reprogrammed . | . . . . . . . . . . . . Reused . | . . . . . . . . . . . . Traps Extracted . | . . . . . . . . . . . . Installed . | . . . . . . . . . . . . Triggered 1 | . . . . . . . . . . 1 . Machines | -11 -10 -9 -9 -8 -8 -7 -7 -7 -7 -7 -6 ---------- Run | Yrd Mat Mat Min Mat Sto Fac Was Fac Low Low Fac Machines Disabled 10 | . . . 1 1 1 . . 3 1 . 3 Max in Single Turn 2 | . . . . 1 1 . . 1 1 . 2 Machines Repaired . | . . . . . . . . . . . . Machines Dismantled . | . . . . . . . . . . . . Machines Sabotaged . | . . . . . . . . . . . . Overloaded Fab Kills . | . . . . . . . . . . . . Hacking | -11 -10 -9 -9 -8 -8 -7 -7 -7 -7 -7 -6 --------- Run | Yrd Mat Mat Min Mat Sto Fac Was Fac Low Low Fac Machines Accessed 14 | . 2 . . 2 3 2 . 4 . . 1 Terminals 8 | . 1 . . 1 3 . . 2 . . 1 Fabricators 2 | . . . . . . 1 . 1 . . . Repair Stations . | . . . . . . . . . . . . Recycling Units 3 | . 1 . . 1 . 1 . . . . . Scanalyzers 1 | . . . . . . . . 1 . . . Garrison Access . | . . . . . . . . . . . . Total Hacks 32 | . 4 . . 4 9 3 . 11 . . 1 Successful 19 | . 2 . . 3 7 3 . 3 . . 1 Failed 13 | . 2 . . 1 2 . . 8 . . . Catastrophic . | . . . . . . . . . . . . Database Lockouts . | . . . . . . . . . . . . Manual . | . . . . . . . . . . . . Terminals 18 | . 1 . . 1 9 . . 6 . . 1 Fabricators 3 | . . . . . . 1 . 2 . . . Repair Stations . | . . . . . . . . . . . . Recycling Units 8 | . 3 . . 3 . 2 . . . . . Scanalyzers 3 | . . . . . . . . 3 . . . Garrison Access . | . . . . . . . . . . . . Terminal Hacks 11 | . 1 . . 1 7 . . 1 . . 1 Record 3 | . . . . . 3 . . . . . . Open DSF 1 | . . . . . . . . 1 . . . Alert Level 1 | . . . . . 1 . . . . . . Locate Traps 1 | . . . . . 1 . . . . . . Disarm Traps 1 | . . . . . 1 . . . . . . Hauler Manifests 1 | . . . . . 1 . . . . . . Zone Layout 3 | . 1 . . 1 . . . . . . 1 Fabricator Hacks 2 | . . . . . . 1 . 1 . . . Build 2 | . . . . . . 1 . 1 . . . Repair Station Hacks . | . . . . . . . . . . . . Recycling Unit Hacks 5 | . 1 . . 2 . 2 . . . . . Report Inventory 3 | . 1 . . 1 . 1 . . . . . Retrieve Matter 1 | . . . . . . 1 . . . . . Retrieve Components 1 | . . . . 1 . . . . . . . Scanalyzer 1 | . . . . . . . . 1 . . . Insert Component 1 | . . . . . . . . 1 . . . Garrison Access Hacks . | . . . . . . . . . . . . Unauthorized Hacks . | . . . . . . . . . . . . Terminals . | . . . . . . . . . . . . Fabricators . | . . . . . . . . . . . . Repair Stations . | . . . . . . . . . . . . Recycling Units . | . . . . . . . . . . . . Scanalyzers . | . . . . . . . . . . . . Garrison Access . | . . . . . . . . . . . . Data Cores Recovered . | . . . . . . . . . . . . Used . | . . . . . . . . . . . . Hacking Detections 5 | . 1 . . . 1 . . 3 . . . Full Trace Events 4 | . 1 . . . 1 . . 2 . . . Feedback Events . | . . . . . . . . . . . . Feedback Blocked . | . . . . . . . . . . . . Robot Schematics Acquired . | . . . . . . . . . . . . Robots Built . | . . . . . . . . . . . . Authchips . | . . . . . . . . . . . . Time . | . . . . . . . . . . . . Total Robot Build Rating . | . . . . . . . . . . . . Part Schematics Acquired . | . . . . . . . . . . . . Parts Built 1 | . . . . . . 1 . . . . . Authchips . | . . . . . . . . . . . . Time 131 | . . . . . . 47 . 84 . . . Total Part Build Rating 5 | . . . . . . 5 . . . . . Parts Repaired . | . . . . . . . . . . . . Time . | . . . . . . . . . . . . Parts Recycled . | . . . . . . . . . . . . Recycled Matter . | . . . . . . . . . . . . Retrieved Matter . | . . . . . . . . . . . . Retrieved Components 5 | . . . . 5 . . . . . . . Parts Scanalyzed 1 | . . . . . . . . 1 . . . Part Schematics Acquired . | . . . . . . . . . . . . Parts Damaged . | . . . . . . . . . . . . Bothacking | -11 -10 -9 -9 -8 -8 -7 -7 -7 -7 -7 -6 ------------ Run | Yrd Mat Mat Min Mat Sto Fac Was Fac Low Low Fac Used RIF Installer . | . . . . . . . . . . . . Robots Hacked . | . . . . . . . . . . . . Non-combat . | . . . . . . . . . . . . Combat . | . . . . . . . . . . . . Robot Hacks Applied . | . . . . . . . . . . . . Relay Couplers Released 3 | . . . . . . . . . . . 3 Programmers 3 | . . . . . . . . . . . 3 Fabnet Peak Effective % . | . . . . . . . . . . . . Robots Rewired . | . . . . . . . . . . . . Allies Hacked . | . . . . . . . . . . . . Hacks Repelled . | . . . . . . . . . . . . Allies | -11 -10 -9 -9 -8 -8 -7 -7 -7 -7 -7 -6 -------- Run | Yrd Mat Mat Min Mat Sto Fac Was Fac Low Low Fac Total Allies 2 | . . . 2 . . . . . . . . Largest Group 2 | . . . 2 2 . . . . . . . Highest-Rated Group 49 | . . . 49 49 . . . . . . . Highest-Rated Ally 31 | . . . 31 31 . . . . . . . Total Orders . | . . . . . . . . . . . . Ally Attacks 14 | . . . 1 13 . . . . . . . Total Damage 187 | . . . . 187 . . . . . . . Kills 1 | . . . . 1 . . . . . . . Allies Corrupted . | . . . . . . . . . . . . Allies Melted . | . . . . . . . . . . . . Intel | -11 -10 -9 -9 -8 -8 -7 -7 -7 -7 -7 -6 ------- Run | Yrd Mat Mat Min Mat Sto Fac Was Fac Low Low Fac Robot Analysis Total . | . . . . . . . . . . . . Derelict Logs Recovered 3 | . . . . . . . . . 3 . . Drone Launches . | . . . . . . . . . . . . Drone Recoveries . | . . . . . . . . . . . . Exploration | -11 -10 -9 -9 -8 -8 -7 -7 -7 -7 -7 -6 ------------- Run | Yrd Mat Mat Min Mat Sto Fac Was Fac Low Low Fac Turns Passed 8444 | 55 384 365 405 495 1466 701 158 1705 1859 93 758 Spaces Moved 3374 | 31 236 173 220 189 693 287 195 362 710 29 249 Core 419 | 2 3 66 105 . . . 147 48 21 . 27 Treads 1419 | 29 233 15 115 189 693 145 . . . . . Legs 675 | . . . . . . 142 48 30 204 29 222 Wheels 423 | . . . . . . . . 87 336 . . Hover 173 | . . . . . . . . 24 149 . . Flight 265 | . . 92 . . . . . 173 . . . Fastest Speed 32 | 50 100 32 100 160 160 193 50 110 112 330 120 Average Speed 219 | 152 159 164 177 214 171 216 77 422 242 330 231 Slowest Speed 1200 | 160 160 300 200 240 240 240 470 950 1200 330 700 Overloaded Moves . | . . . . . . . . . . . . Propulsion Burnouts . | . . . . . . . . . . . . Robots Hopped . | . . . . . . . . . . . . Cave-ins Triggered . | . . . . . . . . . . . . Exploration Rate (%) 33 | 3 47 18 45 16 68 5 98 9 74 8 9 Regions Visited 11 Branch Regions 4 Pre-discovered Areas 1 | . . . . . . . . . 1 . . Known Exits Taken . | . . . . . . . . . . . . Unknown Exits Taken 9 | 1 1 1 1 1 1 . . 1 1 1 . Scrap Searched 4 | . . . 1 . . . . . 3 . . Spaces Dug . | . . . . . . . . . . . . Terrain Destroyed 102 | . . . . 7 . 1 . 8 9 . 77 Melee . | . . . . . . . . . . . . Projectile 18 | . . . . . . 1 . 8 9 . . AOE 84 | . . . . 7 . . . . . . 77 Terrain Rammed . | . . . . . . . . . . . . Walls Destroyed . | . . . . . . . . . . . . Machines Disabled . | . . . . . . . . . . . . Actions | -11 -10 -9 -9 -8 -8 -7 -7 -7 -7 -7 -6 --------- Run | Yrd Mat Mat Min Mat Sto Fac Was Fac Low Low Fac Total 4014 | 39 245 218 235 251 852 340 201 473 780 28 352 Wait . | . . . . . . . . . . . . Move 3364 | 30 235 172 219 188 692 287 194 361 709 28 249 Hop . | . . . . . . . . . . . . Pick Up 114 | 5 4 5 7 10 26 8 2 24 11 . 12 Fast Attach 15 | . . . . . . 2 3 8 2 . . Attach 104 | 4 5 4 8 11 14 6 . 22 9 . 21 Detach 19 | . . . . 6 5 . . 6 . . 2 Swap 25 | . . . . 1 6 10 . 1 5 . 2 Drop 57 | . 1 1 1 3 15 11 2 15 5 . 3 Fire 312 | . . 36 . 31 92 15 . 36 39 . 63 Melee . | . . . . . . . . . . . . Ram . | . . . . . . . . . . . . Kick . | . . . . . . . . . . . . Crush 4 | . . . . 1 2 1 . . . . . Escape Stasis . | . . . . . . . . . . . . Rewire . | . . . . . . . . . . . . Trap . | . . . . . . . . . . . . Miscellaneous . | . . . . . . . . . . . . Route ------- -11/Scrapyard -10/Materials -9/Materials -9/Mines -8/Materials -8/Storage -7/Factory -7/Waste -7/Factory -7/Lower Caves -7/Lower Caves -6/Factory (discovered 1 exit: Fac) History --------- Turn | Location | Event 13 | -11/Scrapyard | Discovered new exit (range 16) 56 | -11/Scrapyard | Entered Materials 308 | -10/Materials | Build established: Mutant 426 | -10/Materials | Discovered new exit (range 10) 440 | -10/Materials | Entered another Materials area 440 | -9/Materials | Evolved 2 slots: Utility x2 768 | -9/Materials | Discovered new exit (range 16) 805 | -9/Materials | Entered Mines 834 | -9/Mines | Lost 3 parts (1p1u1w) 999 | -9/Mines | Joined a pair of Derelicts in attacking an 0b10 outpost 1142 | -9/Mines | Discovered new exit (range 10) 1210 | -9/Mines | Entered Materials 1210 | -8/Materials | Accompanied by 2 allies 1210 | -8/Materials | Evolved 2 slots: Propulsion x1, Utility x1 1210 | -8/Materials | Discovered new exit (range 7) 1215 | -8/Materials | Led the pair of lost Derelicts to an unsafe place 1705 | -8/Materials | Entered Storage 1844 | -8/Storage | Build established: Derelict-Mutant 2222 | -8/Storage | Build established: Scavenger-Mutant 3086 | -8/Storage | Discovered new exit (range 12) 3171 | -8/Storage | Entered Factory 3171 | -7/Factory | Evolved 2 slots: Power x1, Utility x1 3246 | -7/Factory | Fabricated Imp. Cryofiber Web (x1) 3872 | -7/Factory | Sucked down chute 3872 | -7/Factory | Entered Waste 3880 | -7/Waste | Spotted C-40 Crusher 3888 | -7/Waste | Spotted C-40 Crusher 3893 | -7/Waste | Spotted C-40 Crusher 3907 | -7/Waste | Crushed by Compactor (1 part destroyed, 1 dropped) 3910 | -7/Waste | Crushed by Compactor (1 part destroyed, 1 dropped) 3910 | -7/Waste | Crushed by Compactor (1 part destroyed, 2 dropped) 3913 | -7/Waste | Crushed by Compactor (1 part destroyed, 1 dropped) 3916 | -7/Waste | Crushed by Compactor (1 part destroyed, 2 dropped) 3916 | -7/Waste | Spotted C-40 Crusher 3947 | -7/Waste | Lost 5 parts (1p2n1u1w) 3954 | -7/Waste | Crushed by Compactor (1 part destroyed, 2 dropped) 3961 | -7/Waste | Spotted C-40 Crusher 3963 | -7/Waste | Spotted C-40 Crusher 4020 | -7/Waste | Discovered new exit (range 10) 4030 | -7/Waste | Entered Factory 4249 | -7/Factory | Build established: Mutant 5725 | -7/Factory | Discovered new exit (range 4) 5735 | -7/Factory | Entered Lower Caves 5792 | -7/Lower Caves | Attracted the attention of an 0b10 checkpoint 5857 | -7/Lower Caves | Learned 4 Factory zone layouts 6225 | -7/Lower Caves | Learned location of Zion (-6) 6659 | -7/Lower Caves | Attracted the attention of an 0b10 outpost 6688 | -7/Lower Caves | Core integrity fell below 50% 6981 | -7/Lower Caves | Build established: Hacker-Mutant 7469 | -7/Lower Caves | Encountered a Warlord checkpoint 7584 | -7/Lower Caves | Discovered new exit (range 3) 7594 | -7/Lower Caves | Entered another Lower Caves area 7667 | -7/Lower Caves | Discovered new exit (range 6) 7687 | -7/Lower Caves | Entered Factory 7687 | -6/Factory | Evolved 2 slots: Utility x2 7688 | -6/Factory | Identified exit to Factory 7780 | -6/Factory | Lost 4 parts (1p1n1u1w) 8204 | -6/Factory | Lost 6 parts (4u2w) 8314 | -6/Factory | Lost 6 parts (1p3n1u1w) 8408 | -6/Factory | Core integrity fell below 50% 8435 | -6/Factory | Core integrity fell below 20% 8445 | -6/Factory | Destroyed by H-66 Slayer with Gauss Rifle Last Messages --------------- 08438_ Slug penetrates Wall. 08438_ U-05 Engineer lays Concrete. 08438_ K-01 Serf collects debris. 08438_ K-01 Serf cleans the Power Conduit. 08439_ U-05 Engineer lays Concrete. 08440_ K-01 Serf collects debris. 08441_ U-05 Engineer lays Concrete. 08441_ Penetrated by Slug. 08442_ K-01 Serf collects debris. 08442_ U-05 Engineer lays Concrete. 08442_ Slug penetrates Wall. 08442_ U-05 Engineer lays Concrete. 08443_ K-01 Serf cleans the Power Conduit. 08444_ U-05 Engineer lays Concrete. 08444_ U-05 Engineer builds a Wall. 08445_ U-05 Engineer lays Concrete. 08445_ K-01 Serf collects debris. 08445_ Lrg. Storage Unit destroyed. 08445_ Slug penetrates Wall. [Achievement: Just Browsing] Map ----- +----------------------------------------------------+ | #?# ????????# " " " #????????? | | ####+########### " " " #????????? | | ! " " " #????????? | | = +????????? | | * #????????? | | ! *! #????????? | | * #????????? | | " """ """ """ ### #????????? | | " """ [ """ """ ! # #### # ### ##????????? | | " """ """ """ ## # #?????????? | | ## # #?????????? | | ! ## # #?????????? | | ### ## """ """ + #?????????? | | #?# ## """u""" # % #?????????? | | ############+###?#+## """ """gg# #?????????? | | ????????????????????# ## ########???? | | ????????????????????# # # !! +???? | | ????????????????????# g # + !! #???? | | ????????????????????# ## # ????? | | ????????????????????# # """????? | | ????????????????????# ## """#???? | | ????????????????????## # #%#% "#???? | | ?????????????????????## # % k "F"????? | | ?????????????????????## # k u # """#???? | | ???????????????????###### # #???? | | ???????????????????+ @ ########???? | | ???????????????????# ! # % t##?????????? | | ???????????????????# h u % ???? | | ???????????????????# ##??? | | ???????????????????##+##### # """"""""" #???? | | ??????????????????????????## #???? | | ???????????????????????????# = """"""""" #???? | | ???????????????????????????# #???? | | ?????????????????????????? """"""""" ???? | | ????????????????????????? k ???? #???? | | ???????????????????????? ^ """?????????????? | | ??????????????????????? ??????????????? | | ??????????????????????? ### ""??????????????? | | ???????????????????????? ??# ???????????????? | | ???????????????????????????# ????????????????? | | ????????????????????????????? ????????????????? | | ?????????????????????????????????????????????????? | | ?????????????????????????????????????????????????? | | ?????????????????# ######## """"""" #??????????? | | ?????????????????# #??????# """"""" #??????????? | | ?????????????????# #??????# """"""" #??????????? | | ?????????????????# #??????# """"""" #??????????? | | ?????????????????# #??????# #??????????? | | ?????????????????# #??????# #??????????? | | ?????????????????# #?##################??????????? | +----------------------------------------------------+ Best States ------------- Heat Dissipation 53 Coolant Potential 65 Energy Generation 29 Energy Capacity 490 Matter Stores 300 Matter Capacity 300 Sight Range 16 Robot Scan Range 16 Terrain Scan Density 10 Base Temperature (-) 150 Armor Coverage 525 Resistance: KI 40 Resistance: TH 20 Resistance: EX 20 Resistance: EM 35 Resistance: I 20 Resistance: S 20 Resistance: P 20 Evasion (%) 63 Recoil Reduction 6 Matter Filtering 30 Particle Charging 15 Kinecelleration 30 Offensive Hacking 10 Defensive Hacking 10 Authchip Count 1 Item Schematics ----------------- None Robot Schematics ------------------ None Fabricated ------------ Imp. Cryofiber Web | x1 | -7/Factory | Preloaded Alien Tech Used ----------------- None Achievements -------------- Hey, That's Mine! Just Browsing Just What I Needed Please Form A Line Serviceable Loadout Universal Adapter Challenges ------------ None Game ------ Seed 777 Manual? 1 Play Time 01:34:39 Cumulative 85.0 hours Start 2024.03.20 @ 09:56:10 End 2024.03.20 @ 16:12:40 Sessions 3 Manual Loads 0 Difficulty Adventurer Special Mode None Game No. 86 Rogue 81 Adventurer 5 Explorer 0 Win Type - Total 0 Types 0/0/0/0/0/0/0/0/0 Lore% 5 Gallery% 25 Achievement% 10 Wizard Run 0 Options --------- Layout 1 ASCII 0 Keyboard 0 Movement Mouse Keybinds 0 Fullscreen 1 Font 24/Smallcaps Map View 50x35 Zoom Use 0% Tactical HUD 1 Map Filters NONE Filters NONE Steam 1 RUN: 60fed531-9cdd-4a2f-a8c7-a82cfa6c85c7